 Dungeon Crawl Stone Soup version 0.18-a0-23-g19353e1 (webtiles) character file.

242 Ishouldbestudying the Magician (level 5, 0/38 HPs)
             Began as a Demigod Wizard on Nov 2, 2015.
             Slain by a killer bee (3 damage)
             ... on level 2 of the Dungeon.
             The game lasted 00:30:28 (3527 turns).

Ishouldbestudying the Magician (Demigod Wizard)     Turns: 3527, Time: 00:30:28

Health: 0/38       AC:  3    Str: 10    XL:     5   Next: 52%
Magic:  4/13       EV: 12    Int: 24    God:
Gold:   77         SH:  0    Dex: 14    Spells: 4 memorised, 2 levels left

rFire  . . .     SeeInvis .     v - +0 halberd
rCold  . . .     Clarity  .     a - +0 robe
rNeg   . . .     SustAt   +     (shield currently unavailable)
rPois  .         Gourm    .     b - +1 hat
rElec  .         Spirit   .     (no cloak)
rCorr  .         Warding  .     (no gloves)
rMut   .         Stasis   .     (no boots)
MR     .....                    (no amulet)
Stlth  +.........               (no ring)
                                t - ring of loudness

@: lethally poisoned (0 -> -3), not resistant to hostile enchantments, very
unstealthy
A: high mp 1, sustain attributes
a: no special abilities


You were on level 2 of the Dungeon.
You were not hungry.

You visited 1 branch of the dungeon, and saw 3 of its levels.

You collected 77 gold pieces.

Inventory:

Hand Weapons
 g - a +0 dagger
 n - a -3 spear
 v - a +0 halberd (weapon)
Armour
 a - a +0 robe (worn)
 b - a +1 hat (worn)
Jewellery
 p - a +2 ring of protection {unknown}
 t - a ring of loudness (left hand)
Wands
 u - a wand of digging (7)
Scrolls
 f - 2 scrolls of magic mapping
 j - a scroll of teleportation
 m - a scroll of identify
Potions
 e - a potion of haste
 h - a potion of flight {unknown}
 i - a potion of lignification {unknown}
 l - 2 potions of might {unknown}
 r - a potion of poison {unknown}
 s - a potion of heal wounds {unknown}
Books
 c - a book of Minor Magic

   Spells                             Type                      Level
   a - Magic Dart                     Conjuration                  1
   b - Blink                          Translocation                2
   c - Call Imp                       Summoning                    2
   d - Repel Missiles                 Charms/Air                   2
   e - Slow                           Hexes                        2
   f - Conjure Flame                  Conjuration/Fire             3
   g - Mephitic Cloud                 Conjuration/Poison/Air       3
Comestibles
 d - 4 bread rations
 o - 2 slices of pizza
 q - 4 fruits


   Skills:
 * Level 0.0 Polearms
 - Level 2.0 Dodging
 - Level 2.1 Stealth
 + Level 3.7 Spellcasting
 + Level 3.0 Conjurations
   Level 0.8 Summonings
 - Level 1.0 Translocations
 * Level 1.4 Fire Magic
 * Level 1.1 Air Magic
 * Level 1.2 Poison Magic


You had 2 spell levels left.
You knew the following spells:

 Your Spells              Type           Power        Failure   Level  Hunger
a - Magic Dart            Conj           ###.         3%          1    None
b - Mephitic Cloud        Conj/Pois/Air  ##......     17%         3    ##.....
c - Conjure Flame         Conj/Fire      ###.....     14%         3    ##.....
d - Blink                 Tloc           N/A          12%         2    #......


Dungeon Overview and Level Annotations

Branches:
Dungeon (3/15)


Innate Abilities, Weirdness & Mutations

You have an increased reservoir of magic (+10% MP).
Your attributes are resistant to harm.


Message History

A kobold comes into view.
The kobold shouts!
The killer bee stings you!
* * * LOW HITPOINT WARNING * * *
The killer bee closely misses you.
Casting: Blink
Confirm with . or Enter, or press ? or * to list all spells.
You blink.
The killer bee barely misses you. The killer bee stings you.
* * * LOW HITPOINT WARNING * * *
You are lethally poisoned!
The killer bee poisons you!
Casting: Blink
Confirm with . or Enter, or press ? or * to list all spells.
You blink.
* * * LOW HITPOINT WARNING * * *
You feel sick.
* * * LOW HITPOINT WARNING * * *
You feel sick. The kobold completely misses you. The killer bee stings you.
You die...

######.##..# ####..#..........
# ##......## ##.............. #
##........### ##......#........
#...........###.........(.####'
#.......................)## ♣.
##.........#.##>........## ♣.
##........#.##........## ♣.
####...)........§...## ♣.
##...(.....@K>....## ♣.
##..(.....#..y.....# ♣.
#..................# ♣♣.
##........#.#.#....# ♣#.
##......##.#.####.# ♣.#
##....###.....##.# ♣.#
####.##....#.##.# ♣#(
#.##.<..#....# ♣♣. ###
#.##.........# ♣.


You could see a killer bee and a kobold.

Vanquished Creatures
  Ijyb (D:2)
  Natasha (twice) (D:2)
  5 adders (D:2)
  4 gnolls (D:2)
  An ooze (D:2)
  A worm (D:2)
  6 bats
  A giant cockroach (D:2)
  10 goblins
  9 hobgoblins
  8 jackals
  A quokka (D:2)
  2 ball pythons (D:2)
  4 giant newts
  11 kobolds
  40 rats
106 creatures vanquished.

Notes
Turn   | Place    | Note
--------------------------------------------------------------
     0 | D:1      | Ishouldbestudying the Demigod Wizard began the quest for the Orb.
     0 | D:1      | Reached XP level 1. HP: 14/14 MP: 6/6
   152 | D:1      | Reached skill level 1 in Conjurations
   405 | D:1      | Reached XP level 2. HP: 20/20 MP: 2/8
   439 | D:1      | Reached skill level 3 in Spellcasting
  1522 | D:2      | Reached XP level 3. HP: 26/26 MP: 7/10
  1527 | D:2      | Learned a level 3 spell: Mephitic Cloud
  1531 | D:2      | Learned a level 3 spell: Conjure Flame
  1533 | D:2      | Found a glowing golden altar of the Shining One.
  1533 | D:2      | Found a snail-covered altar of Cheibriados.
  1543 | D:2      | Found an opulent altar of Gozag.
  1544 | D:2      | Found a burning altar of Makhleb.
  1544 | D:2      | Found a blossoming altar of Fedhas.
  1544 | D:2      | Found a basalt altar of Yredelemnul.
  1549 | D:2      | Found a sacrificial altar of Ru.
  1550 | D:2      | Found a bloodstained altar of Trog.
  2166 | D:2      | Found a shattered altar of Ashenzari.
  2274 | D:2      | Reached XP level 4. HP: 26/33 MP: 6/12
  2319 | D:2      | Learned a level 2 spell: Blink
  2496 | D:2      | Noticed Natasha
  2803 | D:2      | Killed Natasha
  2803 | D:2      | Reached skill level 1 in Translocations
  2984 | D:2      | Reached skill level 1 in Fire Magic
  3050 | D:2      | Reached XP level 5. HP: 38/38 MP: 5/13
  3065 | D:2      | Noticed Ijyb
  3067 | D:2      | Noticed Natasha
  3098 | D:2      | Killed Natasha
  3172 | D:2      | Killed Ijyb
  3172 | D:2      | Reached skill level 1 in Air Magic
  3221 | D:2      | Reached skill level 1 in Poison Magic
  3527 | D:2      | Slain by a killer bee

Vault maps used:
D:1:      co_arrival_square_in_a_square_in_a_square, nrook_uturn
D:2:      kennysheep_big_flooded_room, minitemple, marbit_many_paths,
          minmay_rats_cheesy_pizza, uniq_natasha, uniq_iyjb
D:3:      corexii_shack_village

Action                   |  1- 3 |  4- 6 || total
-------------------------+-------+-------++-------
Melee: Dagger            |     5 |       ||     5
       Spear             |    22 |     1 ||    23
       Halberd           |       |    77 ||    77
 Cast: Magic Dart        |   140 |    97 ||   237
       Conjure Flame     |     1 |     1 ||     2
       Blink             |       |     5 ||     5
       Mephitic Cloud    |       |     3 ||     3
  Use: Scroll            |       |     6 ||     6
       Potion            |       |     1 ||     1
 Stab: Confused          |       |     2 ||     2
  Eat: Chunk             |     4 |     5 ||     9
